 Dungeon Crawl Stone Soup version 0.31-a0-271-gb88eb75 (webtiles) character file.

Game seed: 2482226019060029531

2150 lyrin the Twirler (level 9, -8/89 HPs)
             Began as an Ogre Enchanter on July 14, 2023.
             Was a Priest of Okawaru.
             Mangled by a wraith (11 damage)
             ... on level 6 of the Dungeon.
             The game lasted 00:13:03 (9361 turns).

lyrin the Twirler (Ogre Enchanter)                  Turns: 9361, Time: 00:13:03

Health: -8/89      AC:  4    Str: 14    XL:     9   Next: 31%
Magic:  14/16      EV: 10    Int: 20    God:    Okawaru [***...]
Gold:   370        SH:  0    Dex:  9    Spells: 15/18 levels left

rFire   . . .        n - +0 quarterstaff (chaos)
rCold   . . .        (shield currently unavailable)
rNeg    + . .        b - +0 robe
rPois   .            (helmet restricted)
rElec   .            v - +0 cloak
rCorr   .            (gloves unavailable)
SInv    .            (boots unavailable)
Will    .....        (no amulet)
Stlth   ++           h - ring of wizardry
HPRegen 0.34/turn    k - ring of positive energy
MPRegen 0.15/turn

%: wizardry (x1)
@: slowed, very slow
A: large, unfitting armour, tough skin 1
a: Renounce Religion, Heroism


You were on level 6 of the Dungeon.
You worshipped Okawaru.
Okawaru was most pleased with you.
You visited 2 branches of the dungeon, and saw 7 of its levels.

You collected 370 gold pieces.

Inventory:

Hand Weapons
 a - a +1 dagger
 n - a +0 quarterstaff of chaos (weapon)
 y - a +2 whip of venom
 C - a +2 spear of venom
Missiles
 x - 12 poisoned darts
Armour
 b - a +0 robe (worn)
 v - a +0 cloak (worn)
Magical Staves
 i - a staff of death
Jewellery
 h - a ring of wizardry (left hand)
 k - a ring of positive energy (right hand)
Scrolls
 e - 2 scrolls of enchant armour {unknown}
 g - a scroll of immolation
 j - a scroll of revelation
 u - a scroll of fog
 A - a scroll of enchant weapon {unknown}
 B - a scroll of noise {unknown}
 D - a scroll of poison {unknown}
Potions
 c - 2 potions of invisibility
 d - a potion of cancellation {unknown}
 f - a potion of enlightenment {unknown}
 m - a potion of attraction {unknown}
 o - 2 potions of haste {unknown}
 p - a potion of might {unknown}
 q - 2 potions of ambrosia {unknown}
 r - 2 potions of mutation
 s - 2 potions of heal wounds
 t - a potion of degeneration {unknown}
 w - a potion of lignification
 z - 3 potions of curing


   Skills:
 + Level 6.1 Fighting
 + Level 1.8 Short Blades
 + Level 6.3 Staves
 + Level 4.8 Dodging
 - Level 2.6 Stealth
 - Level 5.0 Spellcasting
 - Level 2.6 Hexes
 * Level 4.5 Ice Magic
 - Level 1.0 Evocations


You had 15 spell levels left.
You knew the following spells:

 Your Spells              Type           Power      Damage    Failure   Level
a - Frozen Ramparts       Ice            46%        1d7       2%          3

Your spell library contained the following spells:

 Spells                   Type           Power      Damage    Failure   Level
 Freeze                   Ice            92%        1d9       1%          1
 Ensorcelled Hibernation  Hex/Ice        38%        N/A       1%          2
 Apportation              Tloc           10%        N/A       4%          1
 Magic Dart               Conj           20%        1d4       4%          1
 Necrotise                Necr           20%        1d5       4%          1
 Confusing Touch          Hex            15%        N/A       4%          3
 Hailstorm                Conj/Ice       14%        3d5       6%          3
 Lesser Beckoning         Tloc           10%        N/A       7%          2
 Dazzling Flash           Conj/Hex       20%        N/A       9%          3
 Gell's Gravitas          Tloc           5%         N/A       14%         3
 Mephitic Cloud           Conj/Pois/Air  5%         N/A       14%         3
 Teleport Other           Tloc           5%         N/A       14%         3
 Passage of Golubria      Tloc           5%         N/A       41%         4
 Silence                  Hex/Air        5%         N/A       56%         5
 Lehudib's Crystal Spear  Conj/Erth      2%         10d2      100%        8
 Summon Small Mammal      Summ           Unusable   N/A       N/A         1
 Tukima's Dance           Hex            Unusable   N/A       N/A         3
 Call Imp                 Summ           Unusable   N/A       N/A         2

Dungeon Overview and Level Annotations

Branches:
Dungeon (6/15)             Temple (1/1) D:4

Altars:
Ashenzari
Dithmenos
Gozag
Hepliaklqana
Kikubaaqudgha
Nemelex Xobeh
Okawaru
Qazlal
Sif Muna
Trog
Uskayaw
Vehumet
Yredelemnul
Zin


Innate Abilities, Weirdness & Mutations

You are too large for most types of armour.
You have tough skin. (AC +1)


Message History

The wraith is lightly damaged.
The wraith closely misses you.
You hit the wraith but do no damage.
The wraith is lightly damaged.
The wraith completely misses you.
You sock the wraith!
The wraith is heavily damaged.
The wraith misses you.
You hit the wraith.
The wraith convulses.
The wraith is heavily damaged.
The wraith hits you.
You thump the wraith! You freeze the wraith.
The wraith is severely damaged.
The wraith hits you.
You barely miss the wraith.
The wraith is severely damaged.
The wraith barely misses you.
You hit the wraith but do no damage.
The wraith is severely damaged.
You feel like a meek peon again. The wraith hits you!
* * * LOW HITPOINT WARNING * * *
The wraith drains your vigour!
You feel as though you will be slow longer.
You barely miss the wraith.
The wraith is severely damaged.
The wraith barely misses you. The wraith completely misses you.
You barely miss the wraith.
The wraith is severely damaged.
The wraith hits you!
* * * LOW HITPOINT WARNING * * *
The wraith drains your vigour!
You feel as though you will be slow longer.
Unknown command.
You barely miss the wraith.
The wraith is severely damaged.
The wraith hits you!
* * * LOW HITPOINT WARNING * * *
The wraith hits you!
You die...

.#######
#...########...##..#
.#
#..##.8..8.##†.##.##
.#
#...#.......[†#≈.#..#
.#
#.##..#.####..##.##.#
.# ..#.
##.≈≈.##..#..#z# .#
##≈....≈##.##.#.# .#
#..#⌠.#?.#..#.#.# .#
#.?#W?#..#..#...# .#
##≈@...≈##.##.### .#
##.≈§.## .#..#
.######### ######
#.## .........# ~)
###......## ..#
...#####..# ... ##.##
##.## ~..#
#..######.#
##.....###.##


You could see a wraith.

Vanquished Creatures
  Grinder (D:5)
  4 black bears
  3 ice beasts
  2 ogres
  A centaur (D:4)
  A phantom (D:6)
  3 bullfrogs (D:6)
  A scorpion (D:5)
  A wight (D:6)
  2 jellies
  5 hounds
  A gnoll bouda (D:4)
  2 orc priests
  3 iguanas
  A sleepcap (D:5)
  An orc wizard (D:6)
  7 gnolls
  12 adders
  A shadow imp (D:6)
  An ufetubus (D:5)
  2 worms
  2 dart slugs
  9 orcs
  5 endoplasms
  7 giant cockroaches
  9 goblins
  6 hobgoblins
  8 jackals
  3 kobolds
  4 quokkas
  7 ball pythons
  5 bats
  A frilled lizard (D:3)
  5 rats
126 creatures vanquished.

Notes
Turn   | Place    | Note
-------+----------+-------------------------------------------
     0 | D:1      | lyrin the Ogre Enchanter began the quest for the Orb.
     0 | D:1      | Reached XP level 1. HP: 16/16 MP: 3/3
   272 | D:1      | Reached skill level 1 in Short Blades
   272 | D:1      | Reached XP level 2. HP: 24/24 MP: 5/5
   998 | D:2      | Reached XP level 3. HP: 32/32 MP: 6/6
  1242 | D:2      | Reached skill level 1 in Fighting
  1449 | D:2      | Found a faded altar of an unknown god.
  1706 | D:2      | Reached XP level 4. HP: 37/41 MP: 7/7
  2064 | D:3      | Learned a level 3 spell: Frozen Ramparts
  2132 | D:3      | Found a shadowy altar of Dithmenos.
  2343 | D:3      | Reached skill level 1 in Staves
  2880 | D:4      | Found a staircase to the Ecumenical Temple.
  2898 | Temple   | Entered the Ecumenical Temple
  2908 | Temple   | Became a worshipper of Warmaster Okawaru
  2958 | D:4      | Noticed a black bear
  2962 | D:4      | Found a hide-covered altar of Uskayaw.
  3173 | D:4      | Noticed a phantom
  3219 | D:3      | Reached XP level 5. HP: 32/49 MP: 8/8
  4047 | D:4      | Killed a black bear
  4048 | D:4      | Reached skill level 1 in Ice Magic
  4048 | D:4      | Reached XP level 6. HP: 33/58 MP: 10/10
  4424 | D:5      | Entered Level 5 of the Dungeon
  5278 | D:5      | Noticed a black bear
  5291 | D:5      | Killed a black bear
  5291 | D:5      | Reached * piety under Okawaru
  5292 | D:5      | Reached XP level 7. HP: 29/67 MP: 12/12
  5718 | D:5      | Noticed a troll
  6170 | D:5      | Reached XP level 8. HP: 59/78 MP: 14/14
  6174 | D:5      | Reached ** piety under Okawaru
  6315 | D:5      | Noticed Grinder
  6319 | D:5      | Paralysed by Grinder for 5 turns
  6333 | D:5      | Paralysed by Grinder for 3 turns
  6337 | D:5      | Killed Grinder
  6940 | D:5      | Reached skill level 5 in Staves
  7151 | D:6      | Found a broken altar of Ashenzari.
  7609 | D:6      | Reached skill level 1 in Evocations
  8203 | D:6      | Reached skill level 5 in Fighting
  8400 | D:6      | Found a sparkling altar of Nemelex Xobeh.
  8518 | D:6      | Found an opulent altar of Gozag.
  8817 | D:6      | Reached XP level 9. HP: 61/88 MP: 16/16
  8869 | D:5      | Reached skill level 5 in Spellcasting
  9291 | D:6      | Reached *** piety under Okawaru
  9361 | D:6      | HP: 3/89 [wraith (9)]
  9361 | D:6      | Mangled by a wraith

Illustrated notes

Levels and vault maps discovered:
D:1:      minmay_arrival_four_loops, layout_basic
D:2:      layout_loops_corners, ebering_ecumenical_altar_webs
D:3:      layout_loops_ring, nicolae_dithmenos_shadow_blocks,
          minmay_misc_feat_rows
D:4:      layout_loops_ring, eat_drink_and_be_merry_uskayaw,
          minmay_temple_entry_junction
D:5:      minmay_clustersquares, layout_basic, uniq_grinder
D:6:      layout_basic, nicolae_overflow_crystal_walls,
          nicolae_ashenzari_skybound, nemelex_dance_club_becter, st_stairs_3,
          nzn_random_ring
Temple:   nicolae_temple_ecumenical_triangle

Skill      XL: |  1  2  3  4  5  6  7  8  9 |
---------------+----------------------------+-----
Short Blades   | 1 |  1.8
Dodging        | 2 3 4 |  4.8
Fighting       | 1 2 3 5 6 |  6.1
Staves         | 1 2 3 4 5 6 |  6.3
Spellcasting   | 3 4 5 |  5.0
Ice Magic      | 1 2 3 4 |  4.5
Evocations     | 1 |  1.0
Stealth        | |  2.6
Hexes          | |  2.6

Action                     |  1- 3 |  4- 6 |  7- 9 || total
---------------------------+-------+-------+-------++-------
  Melee: Dagger            |   119 |       |       ||   119
         Punch             |     1 |       |       ||     1
         Quarterstaff      |    44 |   174 |   239 ||   457
   Cast: Frozen Ramparts   |       |       |    14 ||    14
 Invoke: Heroism           |       |       |     1 ||     1
  Evoke: Wand              |       |    10 |    11 ||    21
    Use: Scroll            |       |     8 |     1 ||     9
         Potion            |       |     3 |     1 ||     4
   Stab: Sleeping          |     4 |     6 |     1 ||    11
         Paralysed         |       |    11 |     9 ||    20
         Confused          |       |       |     1 ||     1
 Armour: Robe              |    66 |    73 |    76 ||   215
  Dodge: Dodged            |   100 |   133 |   138 ||   371

Table legend: (Time is in decaauts)
 A = Elapsed time spent in this place.
 B = Non-inter-level travel time spent in this place.
 C = Inter-level travel time spent in this place.
 D = Time resting spent in this place.
 E = Time spent auto-exploring this place.
 F = Levels seen in this place.
 G = Mean time per level.
                   A        B        C        D        E       F      G
               +--------+--------+--------+--------+--------+-----+--------+
         Total |   9432 |   9217 |    215 |   3015 |   4263 |   7 | 1347.4 |
       Dungeon |   9412 |   9205 |    207 |   3015 |   4263 |   6 | 1568.7 |
        Temple |     19 |     11 |      8 |      0 |      0 |   1 |   19.0 |
               +--------+--------+--------+--------+--------+-----+--------+

Top non-repeatable levels by time:
     D:5: 2745 daAuts
     D:4: 1845 daAuts
     D:6: 1473 daAuts
     D:3: 1299 daAuts
     D:2: 1067 daAuts
     D:1: 981 daAuts
  Temple: 19 daAuts
